 Dungeon Crawl Stone Soup version 0.26.1-11-gd32895ea62 (webtiles) character file.

Game seed: 1415266482415699537

9 Descartes the Scratcher (level 2, 0/12 HPs)
             Began as a Felid Transmuter on Apr 15, 2021.
             Slain by a jackal (1 damage)
             ... on level 1 of the Dungeon.
             The game lasted 00:00:48 (459 turns).

Descartes the Scratcher (Felid Transmuter)           Turns: 459, Time: 00:00:49

Health: 0/12       AC:  1    Str:  6    XL:     2   Next: 3%
Magic:  0/6        EV: 18    Int: 14    God:
Gold:   29         SH:  0    Dex: 16    Spells: 4/5 levels left
                                        Lives:  0   Deaths: 0

rFire    . . .     SeeInvis +     - Unarmed
rCold    . . .     Faith    .   (shield unavailable)
rNeg     . . .     Spirit   +   (armour unavailable)
rPois    .         Reflect  .   (helmet unavailable)
rElec    .         Harm     .   (cloak unavailable)
rCorr    .         Rampage  .   (gloves unavailable)
Will     .....                  (boots unavailable)
Stlth    +++.......             d - amulet of guardian spirit
HPRegen  0.04/turn              (no ring)
MPRegen  0.10/turn              (no ring)

@: appendages (expiring), quick
A: very small, no armour, no weapons or thrown items, stealth, claws 1, fangs 3,
horns 2, see invisible, speed 1, shaggy fur 1, sharp paws
a: End Transformation


You were on level 1 of the Dungeon.
You had grown temporary horns.
You visited 1 branch of the dungeon, and saw 1 of its levels.

You collected 29 gold pieces.

Inventory:

Missiles
 b - 73 arrows
 e - 9 stones
Jewellery
 d - an amulet of guardian spirit (around neck)
 f - an uncursed ring of ice {unknown}
Scrolls
 a - 2 scrolls of identify {unknown}
 c - a scroll of enchant armour {unknown}
Potions
 g - a potion of brilliance {unknown}
 h - a potion of invisibility {unknown}


   Skills:
 - Level 1.0 Fighting
 - Level 2.6 Dodging
 + Level 2.6 Stealth
 - Level 3.0 Unarmed Combat
 - Level 2.0 Spellcasting
 - Level 2.1 Transmutations


You had 4 spell levels left.
You knew the following spells:

 Your Spells              Type           Power        Failure   Level
a - Beastly Appendage     Tmut           14%          10%         1

Your spell library contained the following spells:

 Spells                   Type           Power        Failure   Level
 Wereblood                Tmut           7%           14%         2
 Spider Form              Tmut/Pois      2%           41%         3
 Ice Form                 Ice/Tmut       4%           83%         4
 Blade Hands              Tmut           3%           95%         5


Dungeon Overview and Level Annotations

Branches:
Dungeon (1/15)

Altars:


Innate Abilities, Weirdness & Mutations

You cannot wear armour.
You are incapable of wielding weapons or throwing items.
Your paws allow you to move quietly. (Stealth)
You have sharp claws.
You have razor-sharp teeth.
You have supernaturally acute eyesight. (SInv)
You cover ground quickly.
You are covered in fur. (AC +1)
Your sharp claws are effective at attacking unaware monsters.
You have a pair of horns on your head.


Message History

You closely miss the jackal. The jackal barely misses you.
The goblin hits you with a +0 dagger. The jackal closely misses you.
The jackal misses you.
You completely miss the jackal. The jackal bites you. x2
The goblin barely misses you.
You are too injured to fight recklessly!
You are too injured to fight recklessly!
You are too injured to fight recklessly!
The jackal closely misses you. The goblin barely misses you.
Your transformation is almost over.
The jackal closely misses you. The jackal bites you.
The goblin completely misses you. The jackal bites you.
* * * LOW HITPOINT WARNING * * *
You barely miss the jackal. The jackal barely misses you.
The goblin closely misses you. The jackal bites you.
* * * LOW HITPOINT WARNING * * *
You closely miss the jackal.
The jackal bites you but does no damage.
The jackal bites you.
You die...

#.#...#......###.....†##.####.
#.#....#.....# #..#.#.........
#.####.#.....# ##.....##.#####
....##.#.##### #..#.#..#....#
..#.##.#.# #........# #.#
..#.##.#.# #..####..### #
#÷#.##.#.# ##.........# #÷#.##
#.########.........#
.....#.#.#......@h.>......#
..#..#.# #..!..h#g...........
..##...#........#............
....#####.......###....#+#....
.......##.#####.# ###### ....
........# #.. .. ......... ...
........# ... ...###..#


You could see 2 jackals and a goblin.

Vanquished Creatures
  A bat (D:1)
  2 hobgoblins (D:1)
  3 jackals (D:1)
  A rat (D:1)
7 creatures vanquished.

Notes
Turn   | Place    | Note
-------+----------+-------------------------------------------
     0 | D:1      | Descartes the Felid Transmuter began the quest for the Orb.
     0 | D:1      | Reached XP level 1. HP: 9/9 MP: 4/4
    86 | D:1      | Reached skill level 1 in Stealth
   410 | D:1      | Reached XP level 2. HP: 12/12 MP: 4/6
   459 | D:1      | Slain by a jackal

Illustrated notes

Levels and vault maps discovered:
D:1:      amcnicky_arrival_flooded_fountain, layout_basic,
          serial_co_window_serial, co_window_paths_b, co_window_paths_b,
          co_window_paths_a, co_window_corner_a, co_window_paths_b,
          co_window_paths_a, co_window_paths_b, co_window_corner_a,
          co_window_of_opportunity_a, co_window_corner_b,
          co_window_unsneaky_path_a, co_window_unsneaky_path_a, glass_columns_c,
          glass_columns_a, glass_columns_b, glass_columns_a,
          supply_closet_lemuel, grunt_decor_arrowhead

Skill      XL: |  1 |
---------------+----+-----
Stealth        | 2 |  2.6
Fighting       | |  1.0
Dodging        | |  2.6
Unarmed Combat | |  3.0
Spellcasting   | |  2.0
Transmutations | |  2.1

Action                   || total
-------------------------++-------
Melee: Unarmed           ||    24
       Headbutt          ||     1
       Punch             ||     1
       Bite              ||     1
 Cast: Beastly Appendage ||     5
Armor: Skin              ||     5
Dodge: Dodged            ||    32
